[Event "Titled Tuesday Blitz November 07 Late 2023"]
[White "Balla, Tamas-Kristof"]
[Black "Hilary46"]
[WhiteFideId "1208497"]
[WhiteElo "2382"]
[BlackElo "2672"]
[Result "1-0"]
[Round "10"]
[TimeControl "180+1"]
[Date "2023.11.07"]
[WhiteClock "0:00:12"]
[BlackClock "0:00:02"]
[Board "52"]

1. e4 e5 2. Nf3 Nc6 3. d4 exd4 4. Nxd4 Nf6 5. Nxc6 bxc6 6. e5 Qe7 7. Qe2 Nd5 8. h4 g6 9. Rh3 Bg7 10. c4 Nb6 11. Re3 Qxh4 12. Nc3 O-O 13. b3 a5 14. g3 Qe7 15. Bg2 a4 16. Rb1 axb3 17. axb3 Rb8 18. Kf1 Ba6 19. Bb2 Rfe8 20. Kg1 c5 21. Ne4 Bb7 22. Nf6+ Bxf6 23. exf6 Qf8 24. Bxb7 Rxe3 25. Qxe3 Rxb7 26. Re1 Rb8 27. Qf4 d6 28. Bc1 Re8 29. Rd1 Nd7 30. Qh4 Re6 31. Kg2 Qa8+ 32. Kh2 Nxf6 33. Bb2 Qf3 34. Kg1 Qxd1+ 35. Kg2 Ne4 36. Qd8+ Re8 37. Qxe8# 1-0


[Site "https://www.chess.com"]

[Event "Titled Tuesday Blitz November 07 Late 2023"]
[White "Ozates, Tuna"]
[Black "Jovic, Stanoje"]
[WhiteFideId "6354521"]
[BlackFideId "905020"]
[WhiteElo "2569"]
[BlackElo "2454"]
[Result "1-0"]
[Round "10"]
[TimeControl "180+1"]
[Date "2023.11.07"]
[WhiteClock "0:01:47"]
[BlackClock "0:00:00"]
[Board "53"]

1. e4 c6 2. d4 d5 3. exd5 cxd5 4. c4 Nf6 5. Nc3 Nc6 6. Nf3 Bg4 7. cxd5 Nxd5 8. Qb3 Bxf3 9. gxf3 Nb6 10. Be3 e6 11. O-O-O Be7 12. Rg1 O-O 13. Kb1 Bf6 14. d5 Nxd5 15. Nxd5 exd5 16. Rxd5 Qc7 17. Bd3 Rfd8 18. Rh5 g6 19. Bxg6 hxg6 20. Rxg6+ Bg7 21. Rg1 Ne5 22. Rhg5 Qc4 23. Rxg7+ Kh8 24. Qxc4 Nxc4 25. R7g4 1-0


[Site "https://www.chess.com"]

[Event "Titled Tuesday Blitz November 07 Late 2023"]
[White "Przybylski, Wojciech"]
[Black "Kazakov, Mikhail"]
[WhiteFideId "1117599"]
[BlackFideId "14102749"]
[WhiteElo "2524"]
[BlackElo "2451"]
[Result "0-1"]
[Round "10"]
[TimeControl "180+1"]
[Date "2023.11.07"]
[WhiteClock "0:00:08"]
[BlackClock "0:00:07"]
[Board "54"]

1. e4 e5 2. Nf3 Nc6 3. Bb5 a6 4. Ba4 Nf6 5. O-O b5 6. Bb3 Be7 7. d3 d6 8. h3 O-O 9. c3 h6 10. Re1 Nd7 11. Nbd2 Nc5 12. Bc2 Ne6 13. Nf1 Bg5 14. Ne3 Nf4 15. d4 Re8 16. a4 Rb8 17. axb5 axb5 18. Bb3 exd4 19. Nxd4 Nxd4 20. Qxd4 Bf6 21. Qa7 Rb7 22. Qa2 Be6 23. Bxe6 Rxe6 24. Nd5 Nxd5 25. Qxd5 Rb8 26. Bf4 Be5 27. Be3 Qe8 28. Ra7 c6 29. Qd2 Bf6 30. Bf4 Rd8 31. Qe2 d5 32. e5 Be7 33. Bg3 Bc5 34. Rc7 Rg6 35. Qf3 Bb6 36. Rb7 Rb8 37. Rxb8 Qxb8 38. e6 Qe8 39. exf7+ Qxf7 40. Qxf7+ Kxf7 41. Kh2 Re6 42. Ra1 Bc5 43. Ra8 Be7 44. Rc8 Kg6 45. f3 Kf7 46. Bf2 Bf6 47. Kg1 b4 48. cxb4 Bxb2 49. f4 h5 50. g4 hxg4 51. hxg4 g6 52. Kg2 Ke7 53. Kf3 Kd7 54. Rg8 Bc3 55. Bc5 d4 56. Rg7+ Kc8 57. Rg8+ Kb7 58. Rd8 Ka6 59. f5 gxf5 60. gxf5 Rh6 61. Rd7 Kb5 62. Kg4 Kc4 63. Kg5 Rh1 64. f6 Rg1+ 65. Kf5 Rf1+ 66. Kg6 d3 67. f7 Rf6+ 68. Kg5 d2 69. Rxd2 Rxf7 70. Re2 Bxb4 71. Bxb4 Kxb4 72. Kg6 Rf1 73. Rb2+ Kc3 74. Rf2 Rxf2 75. Kg5 c5 76. Kg4 Rf8 77. Kg3 c4 78. Kg4 Kb3 79. Kg5 c3 80. Kg6 Rf1 81. Kg7 c2 82. Kh6 c1=Q+ 83. Kh7 Qd2 0-1


[Site "https://www.chess.com"]

[Event "Titled Tuesday Blitz November 07 Late 2023"]
[White "Reprintsev, Alexander"]
[Black "Halak, Miklos"]
[WhiteFideId "14100541"]
[BlackFideId "726400"]
[WhiteElo "2502"]
[BlackElo "2445"]
[Result "1-0"]
[Round "10"]
[TimeControl "180+1"]
[Date "2023.11.07"]
[WhiteClock "0:00:36"]
[BlackClock "0:00:10"]
[Board "55"]

1. e4 c6 2. Nf3 d5 3. e5 c5 4. Be2 Nc6 5. O-O Bg4 6. c4 e6 7. Re1 d4 8. Nxd4 Qxd4 9. Bxg4 Nxe5 10. Qa4+ Nc6 11. Bf3 Rc8 12. Bxc6+ Rxc6 13. Qxa7 Bd6 14. Qa8+ Ke7 15. Qxb7+ Rc7 16. Qf3 Qxc4 17. Na3 Qh4 18. g3 Qb4 19. b3 Nf6 20. Nc4 Rd8 21. Ba3 Qb8 22. d4 cxd4 23. Bxd6+ Rxd6 24. Nxd6 Kxd6 25. Qf4+ Ke7 26. Qxd4 Rc2 27. a4 Qxb3 28. a5 Qf3 29. a6 Ng4 30. Qb4+ Ke8 31. Qb8+ Ke7 32. Qb7+ Qxb7 33. axb7 Nxf2 34. b8=Q Nh3+ 35. Kh1 Nf2+ 36. Kg2 Ng4+ 37. Kf3 Nxh2+ 38. Ke3 Ng4+ 39. Kd3 1-0


[Site "https://www.chess.com"]

[Event "Titled Tuesday Blitz November 07 Late 2023"]
[White "Pinto, Daniel"]
[Black "Wanyama, Harold"]
[WhiteFideId "3303144"]
[BlackFideId "10000380"]
[WhiteElo "2500"]
[BlackElo "2430"]
[Result "1-0"]
[Round "10"]
[TimeControl "180+1"]
[Date "2023.11.07"]
[WhiteClock "0:01:43"]
[BlackClock "0:00:00"]
[Board "56"]

1. Nf3 d5 2. g3 e6 3. Bg2 Nf6 4. O-O Be7 5. b3 O-O 6. Bb2 c5 7. e3 b6 8. c4 Bb7 9. Qe2 dxc4 10. bxc4 Na6 11. a3 Be4 12. Ne5 Bxg2 13. Kxg2 Qc7 14. f4 Rad8 15. Nc3 Nb8 16. d3 Nc6 17. Nb5 Qb7 18. Qf3 Rc8 19. Nxc6 Rxc6 20. Nxa7 Rc7 21. Nb5 Qxf3+ 22. Kxf3 Rd7 23. Ke2 Rfd8 24. Rfd1 Ne8 25. a4 Nd6 26. Be5 1-0


[Site "https://www.chess.com"]

[Event "Titled Tuesday Blitz November 07 Late 2023"]
[White "Su, Dion"]
[Black "Ventura Bolet, Maxim"]
[WhiteFideId "2029731"]
[BlackFideId "22238824"]
[WhiteElo "2426"]
[BlackElo "2496"]
[Result "0-1"]
[Round "10"]
[TimeControl "180+1"]
[Date "2023.11.07"]
[WhiteClock "0:00:49"]
[BlackClock "0:00:28"]
[Board "57"]

1. e4 Nf6 2. e5 Nd5 3. d4 d6 4. Nf3 dxe5 5. dxe5 Bg4 6. Bc4 c6 7. Nc3 e6 8. Qe2 Nd7 9. h3 Bxf3 10. gxf3 Qh4 11. Nxd5 cxd5 12. Bb5 a6 13. Bxd7+ Kxd7 14. Bd2 Rc8 15. O-O-O Qc4 16. Qxc4 Rxc4 17. b3 Rc6 18. Kb2 g6 19. Bg5 Bc5 20. c4 Bxf2 21. cxd5 exd5 22. Rxd5+ Ke6 23. Rhd1 Rhc8 24. R1d2 Be1 25. Rd1 Bc3+ 26. Kb1 Bxe5 27. Rd7 f6 28. f4 Rc1+ 29. Rxc1 Rxc1+ 30. Kxc1 Kxd7 31. Bh6 Bd6 32. Kc2 Ke6 33. Kd3 Kf5 34. Kc4 Bxf4 35. Bf8 Be3 36. Kd5 Kf4 37. Kd6 Kg3 38. Kc7 b6 39. Kc6 f5 40. Kd5 f4 0-1


[Site "https://www.chess.com"]

[Event "Titled Tuesday Blitz November 07 Late 2023"]
[White "victormago"]
[Black "Jamal-Jamal-Jamal"]
[WhiteElo "2476"]
[BlackElo "2365"]
[Result "1-0"]
[Round "10"]
[TimeControl "180+1"]
[Date "2023.11.07"]
[WhiteClock "0:00:08"]
[BlackClock "0:00:44"]
[Board "58"]

1. d4 Nf6 2. c4 e6 3. Nc3 Bb4 4. Qc2 c5 5. dxc5 O-O 6. Nf3 Na6 7. g3 Nxc5 8. Bg2 Nce4 9. O-O d5 10. cxd5 exd5 11. Nxe4 Nxe4 12. Be3 Bf5 13. Nh4 Qd7 14. Nxf5 Qxf5 15. Qb3 Bd6 16. Rad1 Nf6 17. Bxd5 Nxd5 18. Rxd5 Qe6 19. Rfd1 Be5 20. Qxb7 Rab8 21. Qxa7 Rxb2 22. Rd8 g6 23. Qa8 Rxd8 24. Rxd8+ Kg7 25. Rg8+ Kf6 26. Qd8+ Kf5 27. Qd3+ Kf6 28. h4 Qc6 29. Bd4 Rb5 30. a4 Rd5 31. Qf3+ Ke6 32. Bxe5 Kxe5 33. Rf8 Rd1+ 34. Kg2 Qxf3+ 35. Kxf3 Ke6 36. Ra8 Ra1 37. e3 h5 38. Kf4 Kf6 39. f3 Ra3 40. e4 Ke6 41. Ra6+ Ke7 42. g4 hxg4 43. fxg4 Kf8 44. h5 gxh5 45. gxh5 Kg7 46. h6+ Kh7 47. Kg5 Re3 48. Kf5 Rf3+ 49. Ke5 Re3 50. a5 Ra3 51. Kd5 Rd3+ 52. Kc4 Re3 53. Kd4 Ra3 54. e5 Ra1 55. Kd5 Rd1+ 56. Kc5 Re1 57. Kd6 Rd1+ 58. Ke7 Re1 59. Kf6 Rf1+ 60. Ke7 Re1 61. e6 fxe6 62. Rxe6 Ra1 63. a6 Ra2 64. Kd7 Ra1 65. Kc7 Kg8 66. Kb7 Kf7 67. Rb6 Ke7 68. a7 Kd7 69. a8=Q Rxa8 70. Kxa8 Kc7 71. h7 Kxb6 72. h8=Q Kc5 73. Qd8 Kc4 74. Qd7 Kc3 75. Qd5 Kc2 76. Qd4 Kb1 77. Qf2 Kc1 78. Kb7 Kd1 79. Kc6 Kc1 80. Kc5 Kb1 81. Kc4 1-0


[Site "https://www.chess.com"]

[Event "Titled Tuesday Blitz November 07 Late 2023"]
[White "Bogaudinov, Rushan"]
[Black "Ahmad, Khagan"]
[WhiteFideId "4129288"]
[BlackFideId "13431552"]
[WhiteElo "2335"]
[BlackElo "2469"]
[Result "0-1"]
[Round "10"]
[TimeControl "180+1"]
[Date "2023.11.07"]
[WhiteClock "0:01:02"]
[BlackClock "0:00:04"]
[Board "59"]

1. d4 Nf6 2. Nf3 d5 3. e3 g6 4. Be2 Bg7 5. O-O O-O 6. b3 c5 7. Bb2 cxd4 8. Nxd4 Nc6 9. Nd2 Nxd4 10. Bxd4 Qc7 11. c4 e5 12. Bb2 Be6 13. Rc1 dxc4 14. Nxc4 Bxc4 15. Bxc4 Qe7 16. Qe2 a6 17. a4 Rfd8 18. Rfd1 h5 19. h3 Rac8 20. Rxd8+ Rxd8 21. Rd1 Rxd1+ 22. Qxd1 Ne4 23. Qd5 Nc5 24. Ba3 b6 25. a5 Bf8 26. axb6 Qb7 27. Qxb7 Nxb7 28. Bxf8 Kxf8 29. Bxa6 Nc5 30. Bc4 Ke7 31. b4 Nd7 32. b7 f6 33. h4 g5 34. hxg5 fxg5 35. f3 Kd6 36. Bf7 h4 37. Be8 Nb8 38. Kh2 Kc7 39. Kh3 Na6 40. b5 Nb4 41. Bc6 Nd3 42. Kg4 Ne1 43. Kh3 Nd3 44. b6+ Kb8 45. Be4 Nf2+ 46. Kh2 Nxe4 47. fxe4 g4 48. Kg1 Kxb7 49. Kf2 Kxb6 50. Ke2 Kb5 51. Kf2 Kc4 52. Ke2 Kc3 53. Ke1 Kd3 54. Kf2 Kd2 55. Kf1 Kxe3 56. Kg1 Kxe4 57. Kf2 Kd3 58. Kf1 g3 59. Ke1 e4 60. Kd1 Ke3 61. Ke1 h3 62. gxh3 g2 0-1


[Site "https://www.chess.com"]

[Event "Titled Tuesday Blitz November 07 Late 2023"]
[White "Ramadoss, Ashokkumar"]
[Black "bettercallcafu"]
[WhiteFideId "5040990"]
[WhiteElo "2349"]
[BlackElo "2704"]
[Result "0-1"]
[Round "10"]
[TimeControl "180+1"]
[Date "2023.11.07"]
[WhiteClock "0:00:00"]
[BlackClock "0:01:07"]
[Board "60"]

1. Nf3 d5 2. c4 d4 3. d3 c5 4. b4 cxb4 5. a3 bxa3 6. Bxa3 Nc6 7. g3 Nf6 8. Bg2 e5 9. Bxf8 Kxf8 10. O-O g6 11. Nbd2 Kg7 12. Qa4 Re8 13. Rfb1 Re7 14. Ng5 h6 15. Nge4 Nxe4 16. Nxe4 Bg4 17. h3 Bxe2 18. Qc2 Bh5 19. g4 f5 20. gxh5 fxe4 21. Bxe4 gxh5 22. Qe2 Qe8 23. Kh1 Kh8 24. Rg1 Qf7 25. Rg6 Re6 26. Rag1 Ne7 27. Rxe6 Qxe6 28. Qxh5 Rg8 29. Rxg8+ Kxg8 30. Bxb7 a5 31. Be4 Kg7 32. Kh2 Qf6 33. Qg4+ Kf7 34. Qh5+ Ke6 35. Qg4+ Kd6 36. f3 Qf4+ 37. Kg2 Qxg4+ 38. fxg4 a4 0-1


[Site "https://www.chess.com"]

[Event "Titled Tuesday Blitz November 07 Late 2023"]
[White "Milosevic, Milos"]
[Black "Weisz, Bryan"]
[WhiteFideId "964875"]
[BlackFideId "30934133"]
[WhiteElo "2507"]
[BlackElo "2432"]
[Result "0-1"]
[Round "10"]
[TimeControl "180+1"]
[Date "2023.11.07"]
[WhiteClock "0:00:00"]
[BlackClock "0:00:05"]
[Board "61"]

1. d4 d5 2. Bg5 c6 3. c4 dxc4 4. e4 Qb6 5. Bc1 e5 6. dxe5 Bc5 7. Qc2 Nh6 8. Bxh6 gxh6 9. Bxc4 Rg8 10. g3 Nd7 11. Nf3 Nf8 12. Nc3 Bg4 13. Na4 Qb4+ 14. Nd2 Bd4 15. f3 Bxf3 16. Bxf7+ Kxf7 17. Rf1 Bxe5 18. Rxf3+ Kg7 19. O-O-O Ne6 20. Qc4 Qe7 21. Rf5 b5 22. Qf1 Nd4 23. Nc3 b4 24. Na4 b3 25. Nxb3 Nxf5 26. Qxf5 Qg5+ 27. Qxg5+ hxg5 28. Rd7+ Kg6 29. Nac5 Rgf8 30. Re7 Rf1+ 31. Kc2 Rf2+ 32. Kd3 Bxb2 33. Re6+ Kh5 34. e5 Rd8+ 35. Ke3 Rxh2 36. Ne4 Kg4 37. Rxc6 Bxe5 38. Rc5 Bxg3 39. Rxg5+ Kh4 40. Rxg3 Rh3 41. Rxh3+ Kxh3 42. Nd4 Kg4 43. a4 h5 44. Ne6 Rb8 45. Ng7 h4 46. Nf6+ Kg5 47. Ne4+ Kg4 48. Nf6+ Kg3 49. Ne4+ Kg2 50. Nf5 h3 51. Nh4+ Kg1 52. Nf3+ Kg2 53. Neg5 Rb3+ 54. Kf4 Rb4+ 55. Kf5 h2 56. Nxh2 Kxh2 57. a5 Rb5+ 58. Kf4 Rxa5 59. Nf3+ Kg2 60. Nd2 Kf2 61. Ke4 Ke2 62. Nc4 Rb5 63. Kd4 a5 64. Kc3 a4 65. Nd6 Rb8 66. Ne4 a3 67. Ng3+ Ke3 68. Nf1+ Ke2 69. Ng3+ Kf3 70. Nf5 a2 71. Nd4+ Ke4 72. Nc2 Rb1 73. Kd2 Rb2 74. Kc3 Rxc2+ 75. Kb3 a1=Q 76. Kxc2 Qa3 77. Kd2 Qd3+ 78. Kc1 Kd4 79. Kb2 Qc3+ 80. Ka2 Kc4 81. Kb1 Qd2 0-1


[Site "https://www.chess.com"]

[Event "Titled Tuesday Blitz November 07 Late 2023"]
[White "Novikova, Galina"]
[Black "D`Arruda, Ricardo D."]
[WhiteFideId "4157095"]
[BlackFideId "100692"]
[WhiteElo "2424"]
[BlackElo "2506"]
[Result "1-0"]
[Round "10"]
[TimeControl "180+1"]
[Date "2023.11.07"]
[WhiteClock "0:01:00"]
[BlackClock "0:01:19"]
[Board "62"]

1. e4 c5 2. Nf3 Nc6 3. d4 cxd4 4. Nxd4 e5 5. Nb3 Nf6 6. Bg5 Be7 7. Bxf6 Bxf6 8. Nc3 d6 9. Be2 Be6 10. O-O O-O 11. Qd2 Nd4 12. Nd5 Bxd5 13. exd5 Nxe2+ 14. Qxe2 g6 15. c3 Bg7 16. f4 f5 17. fxe5 dxe5 18. c4 e4 19. Rad1 Qf6 20. Nd4 Rfe8 21. Ne6 Re7 22. Nxg7 Rxg7 23. c5 Rd8 24. d6 Qe5 25. Qc4+ Rf7 26. b4 Kg7 27. a4 e3 28. Rfe1 f4 29. b5 f3 30. gxf3 Rxf3 31. Qd4 Qxd4 32. Rxd4 Kf6 33. c6 bxc6 34. bxc6 Ke6 35. c7 1-0


[Site "https://www.chess.com"]

[Event "Titled Tuesday Blitz November 07 Late 2023"]
[White "ATM622"]
[Black "Musovic, Armin"]
[BlackFideId "939935"]
[WhiteElo "2418"]
[BlackElo "2496"]
[Result "1-0"]
[Round "10"]
[TimeControl "180+1"]
[Date "2023.11.07"]
[WhiteClock "0:00:05"]
[BlackClock "0:00:28"]
[Board "63"]

1. d4 d5 2. c4 c5 3. cxd5 Nf6 4. dxc5 e6 5. g3 Bxc5 6. Bg2 exd5 7. Nf3 h6 8. O-O O-O 9. a3 a5 10. Nc3 Nc6 11. Nb5 Qb6 12. a4 Ne4 13. e3 Be6 14. Nfd4 Rad8 15. Nxe6 fxe6 16. Qg4 Ne5 17. Qe2 Nf6 18. b3 Nc6 19. Bb2 e5 20. Rac1 Rfe8 21. Rfd1 d4 22. Qc4+ Kh8 23. Qxc5 Qxc5 24. Rxc5 dxe3 25. Rxd8 Rxd8 26. fxe3 Rd1+ 27. Bf1 Ng4 28. Bc1 e4 29. Kg2 Nxh2 30. Be2 Re1 31. Rc2 Nf3 32. Bxf3 exf3+ 33. Kxf3 g5 34. Nd4 Nb4 35. Bb2 Kh7 36. Rc7+ Kg6 37. Nc2 Rf1+ 38. Kg2 Rb1 39. Bd4 Rxb3 40. Nxb4 Rxb4 41. Kf3 h5 42. g4 hxg4+ 43. Kxg4 Rxa4 44. Rxb7 Rb4 45. Rxb4 axb4 46. e4 b3 47. Kf3 Kh5 48. Be5 Kh4 49. Bb2 Kh5 50. Kg3 g4 51. Bc3 Kg5 52. Bb2 Kh5 53. Bc1 Kg6 54. Kxg4 Kf6 55. Kf4 Ke6 56. Ke3 b2 57. Bxb2 1-0


[Site "https://www.chess.com"]

[Event "Titled Tuesday Blitz November 07 Late 2023"]
[White "Carrasco Miranda, Andres"]
[Black "Sepulveda Rojas, Jorge"]
[WhiteFideId "3405990"]
[BlackFideId "3404803"]
[WhiteElo "2417"]
[BlackElo "2491"]
[Result "0-1"]
[Round "10"]
[TimeControl "180+1"]
[Date "2023.11.07"]
[WhiteClock "0:00:00"]
[BlackClock "0:00:33"]
[Board "64"]

1. Nf3 g6 2. c4 Bg7 3. g3 c6 4. Bg2 d5 5. cxd5 cxd5 6. O-O Nf6 7. d3 O-O 8. Nc3 Nc6 9. Qa4 e5 10. Qh4 d4 11. Na4 Nd5 12. Bg5 f6 13. Bh6 Be6 14. Nc5 Qe7 15. Bxg7 Kxg7 16. Rfc1 Bf7 17. a3 a5 18. Nd2 Rac8 19. Nde4 Rc7 20. Nxb7 Rxb7 21. Rxc6 Rxb2 22. Rac1 Rxe2 23. Nxf6 Nxf6 24. Rc7 Qxa3 25. Bf1 Ra2 26. R1c6 Nd5 27. Rd7 Qb2 28. g4 Ra1 29. Rcd6 Qc1 0-1


[Site "https://www.chess.com"]

[Event "Titled Tuesday Blitz November 07 Late 2023"]
[White "Khater, Sherif"]
[Black "Polaczek, Richard"]
[WhiteFideId "2034280"]
[BlackFideId "200026"]
[WhiteElo "2490"]
[BlackElo "2416"]
[Result "0-1"]
[Round "10"]
[TimeControl "180+1"]
[Date "2023.11.07"]
[WhiteClock "0:00:06"]
[BlackClock "0:00:21"]
[Board "65"]

1. d4 Nf6 2. Bg5 d5 3. Bxf6 gxf6 4. e3 c5 5. c4 cxd4 6. Qxd4 dxc4 7. Qxd8+ Kxd8 8. Bxc4 e6 9. Ne2 Bb4+ 10. Nbc3 Ke7 11. O-O Nd7 12. Rac1 a6 13. Rfd1 Ne5 14. Bb3 Bd7 15. Nf4 Bc6 16. Ba4 b5 17. Bb3 Rac8 18. Nce2 Bb7 19. Nd4 Rhg8 20. Kf1 Nc4 21. Bxc4 bxc4 22. f3 Bd6 23. g3 Be5 24. Kf2 Rgd8 25. Rc2 Rd7 26. Nfe2 f5 27. Rdc1 Rdc7 28. b3 cxb3 29. Rxc7+ Rxc7 30. Rxc7+ Bxc7 31. axb3 Bb6 32. Nc3 Bxd4 33. exd4 Kd6 34. Ke3 Bc6 35. b4 Bd7 36. f4 Bc6 37. Kd3 f6 38. Kc4 Bb7 39. Na4 Bd5+ 40. Kc3 Bc6 41. Nc5 Bb5 42. h3 Kd5 43. h4 h6 44. h5 Be2 45. Kd2 Bb5 46. Kc3 Be2 47. Kd2 Bb5 48. Ke3 Bc4 49. Nd7 Bb5 50. Nxf6+ Kc4 51. Ng8 Kxb4 52. Nxh6 a5 53. Ng8 a4 54. h6 a3 55. h7 a2 56. h8=Q a1=Q 57. Kf2 Qf1+ 58. Ke3 Qe2# 0-1


[Site "https://www.chess.com"]

[Event "Titled Tuesday Blitz November 07 Late 2023"]
[White "Inepton_Fermion"]
[Black "Hajiyev, Kanan"]
[BlackFideId "13404148"]
[WhiteElo "2415"]
[BlackElo "2480"]
[Result "0-1"]
[Round "10"]
[TimeControl "180+1"]
[Date "2023.11.07"]
[WhiteClock "0:00:18"]
[BlackClock "0:01:37"]
[Board "66"]

1. Nf3 d5 2. b3 c5 3. e3 Nc6 4. Bb5 Nf6 5. Bb2 Bd7 6. O-O e6 7. d4 cxd4 8. exd4 Bd6 9. a3 O-O 10. Nbd2 Ne4 11. Bd3 f5 12. Ne5 Nxe5 13. dxe5 Bc5 14. b4 Bb6 15. c4 Ba4 16. Qxa4 Nxd2 17. Rfd1 Ne4 18. Bxe4 fxe4 19. Bd4 Bxd4 20. Rxd4 Qg5 21. cxd5 Qxe5 22. Rad1 e3 23. fxe3 Qxe3+ 24. Kh1 e5 25. Rc4 Qe2 26. Rcc1 Rf2 27. Rg1 Raf8 28. Qd7 e4 29. Qe6+ Kh8 30. Rce1 Qxe1 0-1


[Site "https://www.chess.com"]

[Event "Titled Tuesday Blitz November 07 Late 2023"]
[White "Pavlidou, Ekaterini"]
[Black "Meduri, Aakaash"]
[WhiteFideId "4213262"]
[BlackFideId "2032252"]
[WhiteElo "2358"]
[BlackElo "2465"]
[Result "0-1"]
[Round "10"]
[TimeControl "180+1"]
[Date "2023.11.07"]
[WhiteClock "0:00:10"]
[BlackClock "0:00:08"]
[Board "67"]

1. d4 d5 2. c4 c6 3. cxd5 cxd5 4. Bf4 Nc6 5. e3 a6 6. Nc3 Nf6 7. Bd3 Bg4 8. f3 Bd7 9. Nge2 e6 10. a3 Na5 11. b4 Nc4 12. Bxc4 dxc4 13. e4 Be7 14. O-O O-O 15. Qd2 b5 16. d5 exd5 17. e5 Nh5 18. Nxd5 Nxf4 19. Nexf4 Bg5 20. Rfd1 Bf5 21. Qf2 Bd3 22. h4 Bh6 23. g3 Re8 24. Re1 a5 25. Qb2 a4 26. Qc3 Rc8 27. Kh2 Rc6 28. Re3 Bf5 29. Rd1 Bxf4 30. Nf6+ Qxf6 31. exf6 Bxe3 32. Qxe3 Rce6 33. Qa7 Re2+ 34. Kg1 gxf6 35. g4 Bd3 36. Qd7 R2e5 37. Rxd3 cxd3 38. Qxd3 Re3 39. Qd4 Rxf3 40. Kg2 Rxa3 41. Qxf6 Ra2+ 42. Kg3 Rae2 43. Qg5+ Kh8 44. Qf6+ Kg8 45. h5 R2e6 46. Qg5+ Kf8 47. h6 a3 48. Qg7+ Ke7 49. Qg5+ Kd7 50. Qd5+ Kc7 51. Qc5+ Rc6 52. Qa7+ Kd6 53. Qxa3 Rec8 54. Qd3+ Ke7 55. Qxh7 Rc3+ 56. Kh4 R3c6 57. Qe4+ Re6 58. Qb7+ Kd8 59. Qd5+ Ke7 60. Qxb5 Rxh6+ 61. Kg5 Rg6+ 62. Kh4 Rh8+ 63. Kg3 Rhg8 64. Qb7+ Ke6 65. Qe4+ Kd6 66. Qd4+ Ke6 67. Qc4+ Kd6 68. Qc5+ Ke6 69. Qc6+ Ke5 70. Qc7+ Ke4 71. Qe7+ Kd4 72. Qd7+ Kc3 73. Qxf7 Rxg4+ 74. Kh3 R4g7 75. Qf3+ Kxb4 76. Qe4+ Kc5 77. Qe5+ Kc6 78. Qe6+ Kc7 79. Qe5+ Kd7 80. Qd5+ Ke7 81. Qe5+ Kf8 82. Qf5+ Rf7 83. Qc8+ Kg7 84. Qc3+ Kf8 85. Qc8+ Kg7 86. Qc3+ Rf6 87. Kg4 Kf7+ 88. Kh5 Rf5+ 89. Kh6 Rg6+ 90. Kh7 Rh5# 0-1


[Site "https://www.chess.com"]

[Event "Titled Tuesday Blitz November 07 Late 2023"]
[White "Akhayan, Ruben"]
[Black "Jarocka, Liwia"]
[WhiteFideId "204439"]
[BlackFideId "21807558"]
[WhiteElo "2448"]
[BlackElo "2351"]
[Result "1-0"]
[Round "10"]
[TimeControl "180+1"]
[Date "2023.11.07"]
[WhiteClock "0:00:30"]
[BlackClock "0:00:07"]
[Board "69"]

1. e4 d6 2. d4 Nf6 3. Nc3 g6 4. Be3 Bg7 5. Qd2 O-O 6. f3 e5 7. d5 a5 8. O-O-O Na6 9. Kb1 Nd7 10. g4 Ndc5 11. h4 Bd7 12. h5 Rb8 13. Qh2 g5 14. h6 Bf6 15. Nh3 Kh8 16. Qd2 Rg8 17. Ne2 b5 18. Ng3 Be7 19. Nf5 f6 20. f4 gxf4 21. Bxc5 Nxc5 22. Bd3 Rxg4 23. Rdg1 Rxg1+ 24. Rxg1 Bxf5 25. exf5 Qf8 26. Rg7 Bd8 27. Qe2 b4 28. Bb5 Be7 29. Bc6 a4 30. Qh5 Ne4 31. Rf7 Qg8 32. Rxe7 Ng3 33. Qf3 Nxf5 34. Rxc7 Nd4 35. Qd3 b3 36. axb3 axb3 37. c3 f3 38. Rg7 1-0


[Site "https://www.chess.com"]

[Event "Titled Tuesday Blitz November 07 Late 2023"]
[White "Kovalevsky, Stanislav"]
[Black "Mesa Cruz, Juan Carlos"]
[WhiteFideId "13508598"]
[BlackFideId "6423400"]
[WhiteElo "2447"]
[BlackElo "2314"]
[Result "1-0"]
[Round "10"]
[TimeControl "180+1"]
[Date "2023.11.07"]
[WhiteClock "0:01:18"]
[BlackClock "0:00:38"]
[Board "70"]

1. c4 Nf6 2. Nc3 e5 3. g3 d5 4. cxd5 Nxd5 5. Bg2 Nb6 6. e3 Nc6 7. Nge2 Be7 8. f4 O-O 9. O-O f6 10. f5 Bd7 11. d4 exd4 12. Nxd4 Nxd4 13. exd4 c6 14. Bf4 Be8 15. d5 cxd5 16. Nxd5 Nxd5 17. Qxd5+ Bf7 18. Qxb7 Rc8 19. Rad1 Bc5+ 20. Kh1 Qa5 21. a3 Bb6 22. Rd7 Qb5 23. Rxf7 Rxf7 24. Qxc8+ Rf8 25. Qc6 Qd3 26. Qd5+ Qxd5 27. Bxd5+ Kh8 28. Be6 Rd8 29. Rc1 g5 30. fxg6 hxg6 31. Rc8 Rxc8 32. Bxc8 Kg7 33. Kg2 g5 34. Bd2 Bd4 35. b3 Be5 36. Be3 Bd6 37. a4 a5 38. Bd2 Bb4 39. Bxb4 axb4 40. a5 Kf7 41. a6 Ke7 42. a7 Kd6 43. a8=Q Kc5 44. Qa7+ 1-0


[Site "https://www.chess.com"]

[Event "Titled Tuesday Blitz November 07 Late 2023"]
[White "ExchangeAB"]
[Black "Minina, Veronika"]
[BlackFideId "4174780"]
[WhiteElo "2437"]
[BlackElo "2298"]
[Result "1/2-1/2"]
[Round "10"]
[TimeControl "180+1"]
[Date "2023.11.07"]
[WhiteClock "0:00:17"]
[BlackClock "0:00:06"]
[Board "71"]

1. Nf3 Nf6 2. e3 g6 3. b3 Bg7 4. Bb2 O-O 5. Be2 c5 6. O-O Nc6 7. c4 d5 8. cxd5 Qxd5 9. Nc3 Qd7 10. Rc1 b6 11. Qc2 Bb7 12. Qb1 Rfd8 13. d3 Rac8 14. Rfd1 Qc7 15. h3 Rd7 16. Qa1 Rcd8 17. Nb5 Qb8 18. Ne5 Nxe5 19. Bxe5 Qa8 20. Bf1 a6 21. Na3 Nh5 22. Bxg7 Nxg7 23. Nc4 Qa7 24. Qb2 Nf5 25. b4 b5 26. Ne5 Rc7 27. bxc5 Rxc5 28. d4 Rcc8 29. Qb3 e6 30. Qb4 Bd5 31. a3 Qb7 32. Rc5 Nd6 33. a4 bxa4 34. Qxa4 Rxc5 35. dxc5 Nb5 36. Qa1 Rc8 37. Ng4 h5 38. Nf6+ Kf8 39. Nxd5 exd5 40. Qh8+ Ke7 41. Qe5+ Kf8 42. Rxd5 Kg8 43. c6 Qxc6 44. Bxb5 axb5 45. Rxb5 Qc1+ 46. Kh2 Qc2 47. Qf4 Qc6 48. Rb8 Qe6 49. Rxc8+ Qxc8 50. e4 Qe6 51. g3 Qe7 52. Kg2 Qe6 53. h4 Qe7 54. Qb8+ Kh7 55. e5 Qe6 56. Qd6 Qf5 57. Qd4 Qe6 58. Qf4 Qd5+ 59. Kh2 Qe6 60. f3 Qa2+ 61. Kh3 Qb3 62. g4 hxg4+ 63. Kxg4 Qe6+ 64. Kg3 Qa2 65. h5 gxh5 66. Qf5+ Kg7 67. Qxh5 Qd5 68. Qg5+ Kf8 69. Qf6 Qd3 70. Kf4 Qd4+ 71. Kg3 Qg1+ 72. Kf4 Qh2+ 73. Ke4 Qe2+ 74. Kf4 Qd2+ 75. Kg3 Qe1+ 76. Kg2 Qe2+ 77. Kh3 Qf1+ 78. Kg4 Qg2+ 79. Kh5 Qh3+ 80. Qh4 Qxf3+ 81. Qg4 Qh1+ 82. Qh4 Qd1+ 83. Qg4 Qh1+ 84. Qh4 Qd1+ 85. Qg4 Qxg4+ 86. Kxg4 Ke7 87. Kf5 Ke8 88. Kf6 Kf8 89. e6 fxe6 90. Kxe6 1/2-1/2


[Site "https://www.chess.com"]

[Event "Titled Tuesday Blitz November 07 Late 2023"]
[White "Mazurkiewicz, Michal"]
[Black "Aung Thant Zin"]
[WhiteFideId "1124943"]
[BlackFideId "13000063"]
[WhiteElo "2436"]
[BlackElo "2055"]
[Result "1-0"]
[Round "10"]
[TimeControl "180+1"]
[Date "2023.11.07"]
[WhiteClock "0:00:29"]
[BlackClock "0:00:00"]
[Board "72"]

1. e4 c5 2. Nf3 Nc6 3. g3 Nf6 4. d3 d5 5. Nbd2 Bg4 6. h3 Bxf3 7. Qxf3 Nd4 8. Qd1 dxe4 9. dxe4 e5 10. c3 Nc6 11. Bc4 Be7 12. Qb3 O-O 13. Qxb7 Na5 14. Qa6 Nxc4 15. Qxc4 Qd7 16. h4 Kh8 17. Nf3 Bd6 18. O-O Qg4 19. Ng5 Qh5 20. f3 h6 21. Nh3 Qg6 22. g4 Nh7 23. h5 Qf6 24. Be3 Qh4 25. Kg2 f5 26. Bf2 Qe7 27. exf5 Rae8 28. Rfe1 Bb8 29. Bxc5 Qc7 30. Re4 Nf6 31. Bxf8 Nxe4 32. Qxc7 Bxc7 33. Bxg7+ Kxg7 34. fxe4 Rd8 35. Nf2 Rd2 36. Rd1 1-0


[Site "https://www.chess.com"]